[Event "FIDE WCCC Open-12 2024"]
[Site "Montesilvano"]
[Date "2024.11.19"]
[Round "5.1"]
[White "Abdsattar, Alisher"]
[Black "Lacan Rus, David"]
[Result "0-1"]
[ECO "B33"]
[WhiteElo "2082"]
[BlackElo "2274"]
[Annotator "RC"]
[PlyCount "64"]
[EventDate "2024.11.18"]
[EventType "swiss"]
[EventCountry "ITA"]
[SourceTitle "playchess.com"]
[Source "ChessBase"]
[SourceQuality "1"]
[TimeControl "5400+30"]

1. e4 c5 2. Nf3 Nc6 3. d4 cxd4 4. Nxd4 Nf6 5. Nc3 e5 6. Ndb5 d6 7. Nd5 Nxd5 8. exd5 Nb8 9. a4 Be7 10. a5 a6 11. Nc3 O-O 12. Be2 Nd7 13. O-O f5 14. Be3 Bg5 15. Bxg5 Qxg5 16. Na4 e4 17. f4 exf3 18. Bxf3 Ne5 19. Nb6 Rb8 20. Qd4 f4 21. Nc4 Nxc4 22. Qxc4 Bf5 23. c3 Rf6 24. Qc7 Rbf8 25. Rae1 Qh4 26. Re7 g5 27. h3 h5 28. Bd1 g4 29. Rg7+ Kh8 30. Rxf4 Qe1+ 31. Rf1 Qe3+ 32. Kh2 Bg6 0-1

[Event "FIDE WCCC Open-12 2024"]
[Site "Montesilvano"]
[Date "2024.11.19"]
[Round "5.2"]
[White "Golubovic, Erik"]
[Black "Golis, Wiktor"]
[Result "1/2-1/2"]
[ECO "E11"]
[WhiteElo "2147"]
[BlackElo "2343"]
[Annotator "RC"]
[PlyCount "119"]
[EventDate "2024.11.18"]
[EventType "swiss"]
[EventCountry "ITA"]
[SourceTitle "playchess.com"]
[Source "ChessBase"]
[SourceQuality "1"]
[TimeControl "5400+30"]

1. d4 Nf6 2. c4 e6 3. Nf3 d5 4. g3 Bb4+ 5. Bd2 a5 6. Bg2 O-O 7. Qc2 Be7 8. O-O c6 9. b3 b6 10. Bc3 Bb7 11. Nbd2 c5 12. dxc5 bxc5 13. Bxf6 Bxf6 14. Rac1 d4 15. Ne1 Bxg2 16. Kxg2 Nc6 17. Nd3 Be7 18. Rcd1 Qc7 19. Kg1 Nb4 20. Qb1 f5 21. a3 Nc6 22. f4 Bd6 23. Nf3 e5 24. fxe5 Nxe5 25. Ndxe5 Bxe5 26. Nxe5 Qxe5 27. Qd3 Rae8 28. b4 axb4 29. axb4 cxb4 30. Qxd4 Qxd4+ 31. Rxd4 Rxe2 32. Rf2 Re3 33. c5 Rb8 34. Rb2 b3 35. Rc4 Re1+ 36. Kf2 Ra1 37. c6 Ra2 38. Rxa2 bxa2 39. c7 Rc8 40. Ra4 Rxc7 41. Rxa2 Rc3 42. Kg2 Kf7 43. h4 Kg6 44. Ra5 Rc6 45. Kf3 Kf6 46. Ra7 Rc3+ 47. Kg2 Kg6 48. Ra5 Rc6 49. Kf3 h6 50. Rb5 Rf6 51. Rb7 Rf7 52. Rb5 Kh5 53. Kf4 g6 54. Kf3 Ra7 55. Rb3 Ra4 56. Rb5 Ra1 57. Kg2 g5 58. hxg5 hxg5 59. Rxf5 Kg4 60. Rb5 1/2-1/2

[Event "FIDE WCCC Open-12 2024"]
[Site "Montesilvano"]
[Date "2024.11.19"]
[Round "5.3"]
[White "Fulgentini, Edoardo"]
[Black "Smirnov, Mark"]
[Result "1/2-1/2"]
[ECO "C63"]
[WhiteElo "2075"]
[BlackElo "2300"]
[Annotator "RC"]
[PlyCount "95"]
[EventDate "2024.11.18"]
[EventType "swiss"]
[EventCountry "ITA"]
[SourceTitle "playchess.com"]
[Source "ChessBase"]
[SourceQuality "1"]
[TimeControl "5400+30"]

1. e4 e5 2. Nf3 Nc6 3. Bb5 f5 4. d3 fxe4 5. dxe4 Nf6 6. O-O d6 7. Bc4 Bg4 8. h3 Bh5 9. Nc3 Qd7 10. Be3 h6 11. Be2 Bf7 12. Nh2 Be7 13. Ng4 O-O 14. Nxf6+ Bxf6 15. Nd5 Be6 16. Bg4 Rac8 17. Bxe6+ Qxe6 18. Qh5 Ne7 19. Nxe7+ Bxe7 20. a4 Qc4 21. Qg4 h5 22. Qxh5 Qxe4 23. c3 a5 24. Rfe1 Qc4 25. Qe2 Qxe2 26. Rxe2 d5 27. Rd1 Rcd8 28. Red2 c6 29. Bb6 Ra8 30. Bc7 e4 31. Bb6 Ra6 32. Be3 Bf6 33. Rf1 Be5 34. f3 exf3 35. Rdf2 b5 36. axb5 cxb5 37. Rxf3 Rxf3 38. Rxf3 b4 39. cxb4 axb4 40. Bc5 Ra1+ 41. Kf2 Ra2 42. Rb3 Bxb2 43. Bxb4 Kf7 44. Kf3 Bf6 45. Bc3 d4 46. Bb2 d3 47. Bxf6 d2 48. Rb1 1/2-1/2

[Event "FIDE WCCC Open-12 2024"]
[Site "Montesilvano"]
[Date "2024.11.19"]
[Round "5.4"]
[White "Bulgak, Damir"]
[Black "Radzimski, Antoni"]
[Result "0-1"]
[ECO "D24"]
[WhiteElo "2044"]
[BlackElo "2188"]
[Annotator "RC"]
[PlyCount "128"]
[EventDate "2024.11.18"]
[EventType "swiss"]
[EventCountry "ITA"]
[SourceTitle "playchess.com"]
[Source "ChessBase"]
[SourceQuality "1"]
[TimeControl "5400+30"]

1. d4 Nf6 2. c4 e6 3. Nf3 d5 4. Nc3 dxc4 5. e4 Bb4 6. Bxc4 Nxe4 7. O-O Nf6 8. Qa4+ Nc6 9. Ne5 Rb8 10. Rd1 O-O 11. Nxc6 bxc6 12. Qxa7 Bd7 13. Qa4 c5 14. Qc2 Bc6 15. Ne2 cxd4 16. Nxd4 Be4 17. Qe2 Qe7 18. Bg5 Ba8 19. a3 Bd6 20. b4 Rfd8 21. Nb5 h6 22. Bh4 Bf4 23. Rxd8+ Rxd8 24. Rd1 Bb7 25. Nc3 Bd6 26. Bd3 Ra8 27. Nb5 Bf4 28. Be4 c6 29. Qf3 g5 30. Nd4 Nxe4 31. Qxe4 c5 32. Qxf4 cxd4 33. Qg3 Kh8 34. Rxd4 gxh4 35. Qe5+ f6 36. Qh5 Qh7 37. g3 Bd5 38. Rd1 hxg3 39. hxg3 Qe4 40. Qxh6+ Kg8 41. Rxd5 exd5 42. Qxf6 d4 43. Qg5+ Kf7 44. Qh5+ Ke6 45. Qh6+ Kd5 46. Qc1 Rh8 47. Qc5+ Ke6 48. Qb6+ Kf5 49. Qb5+ Kg4 50. Qd7+ Kf3 51. Qf7+ Ke2 52. Qa2+ Kd1 53. Qa1+ Kc2 54. Qa2+ Kc3 55. Qa1+ Kb3 56. Qd1+ Ka2 57. f3 Qe3+ 58. Kg2 d3 59. b5 Qe2+ 60. Qxe2+ dxe2 61. Kf2 Re8 62. Ke1 Kb3 63. b6 Kc3 64. b7 Kd3 0-1

[Event "FIDE WCCC Open-12 2024"]
[Site "Montesilvano"]
[Date "2024.11.19"]
[Round "5.5"]
[White "Shilon Rahav, Eliran"]
[Black "Obidjonov, Oriyat"]
[Result "1/2-1/2"]
[ECO "B40"]
[WhiteElo "2150"]
[BlackElo "2074"]
[Annotator "RC"]
[PlyCount "73"]
[EventDate "2024.11.18"]
[EventType "swiss"]
[EventCountry "ITA"]
[SourceTitle "playchess.com"]
[Source "ChessBase"]
[SourceQuality "1"]
[TimeControl "5400+30"]

1. e4 c5 2. Nf3 e6 3. g3 Nc6 4. Bg2 Nf6 5. Qe2 Qc7 6. O-O d5 7. exd5 Nxd5 8. Rd1 Be7 9. d4 cxd4 10. Nxd4 Nxd4 11. Rxd4 O-O 12. Bxd5 exd5 13. Nc3 Be6 14. Nxd5 Qc5 15. Nxe7+ Qxe7 16. Bf4 Rad8 17. Rad1 Rxd4 18. Rxd4 Qc5 19. c3 Qc6 20. Rd6 Qc5 21. Rxe6 fxe6 22. Qxe6+ Kh8 23. Be3 Qf5 24. Qe7 Rf7 25. Qd8+ Rf8 26. Qd1 b6 27. h4 h6 28. Qd6 Rf7 29. Bd4 Kh7 30. Kh2 Rd7 31. Qb4 Qf3 32. a4 Rd5 33. b3 Rd7 34. Qc4 Re7 35. Qf1 Re2 36. Qb1+ Kg8 37. Qg6 1/2-1/2

[Event "FIDE WCCC Open-12 2024"]
[Site "Montesilvano"]
[Date "2024.11.19"]
[Round "5.6"]
[White "Negrean, Andrei"]
[Black "Filindash, Nikita"]
[Result "1-0"]
[ECO "C42"]
[WhiteElo "2255"]
[BlackElo "2076"]
[Annotator "RC"]
[PlyCount "211"]
[EventDate "2024.11.18"]
[EventType "swiss"]
[EventCountry "ITA"]
[SourceTitle "playchess.com"]
[Source "ChessBase"]
[SourceQuality "1"]
[TimeControl "5400+30"]

1. e4 e5 2. Nf3 Nf6 3. Nc3 Bb4 4. Nxe5 O-O 5. Be2 Re8 6. Nd3 Bxc3 7. dxc3 Nxe4 8. O-O d5 9. Be3 Nd7 10. Nf4 Ndf6 11. c4 dxc4 12. Bxc4 Bf5 13. c3 Ng4 14. Qd5 Qxd5 15. Nxd5 Be6 16. Rfe1 c6 17. Nc7 Bxc4 18. Nxe8 Rxe8 19. Bxa7 Ngf6 20. f3 Nd6 21. Bc5 Rxe1+ 22. Rxe1 Nb5 23. a4 Nc7 24. Re7 Nfd5 25. Rd7 f6 26. a5 Ba6 27. c4 Bxc4 28. Bb6 Na6 29. Rxb7 h6 30. h4 h5 31. Bd4 Nf4 32. Bc3 Ng6 33. g3 Bb5 34. Kf2 Nf8 35. g4 hxg4 36. fxg4 Ne6 37. Ke3 Nec7 38. Bd4 Kh7 39. Ke4 Kg6 40. Be3 Bc4 41. h5+ Kh7 42. h6 Be6 43. Kf3 Bc8 44. Ra7 c5 45. Bxc5 Kxh6 46. b4 Kg6 47. Kg3 f5 48. Bb6 Nb5 49. gxf5+ Kxf5 50. Rxg7 Nxb4 51. Rg8 Bb7 52. Rg7 Bc8 53. Rg8 Bb7 54. Rb8 Ba6 55. Bc5 Nd5 56. Re8 Nbc7 57. Re1 Nc3 58. Kf3 N3d5 59. Kf2 Bb5 60. Bd6 Kf6 61. Re4 Ba6 62. Ke1 Bb5 63. Kd2 Ba6 64. Re5 Kf7 65. Bxc7 Nxc7 66. Rc5 Na8 67. Re5 Bb7 68. Kc3 Bg2 69. Kc4 Bb7 70. Kc5 Bg2 71. Kb5 Bb7 72. Re1 Bd5 73. Ka6 Bg2 74. Ka7 Kf8 75. Kb8 Kf7 76. Re2 Bc6 77. a6 Bd5 78. Re5 Bg2 79. Ka7 Nc7 80. Kb6 Na8+ 81. Ka7 Nc7 82. Rc5 Ne6 83. Rc3 Ke7 84. Kb8 Nd8 85. Re3+ Kd7 86. Rd3+ Ke7 87. Kc7 Ne6+ 88. Kb6 Be4 89. a7 Ba8 90. Rh3 Kd7 91. Rh8 Nd8 92. Rh7+ Ke6 93. Kc7 Nc6 94. Rh6+ Kd5 95. Kb6 Ne7 96. Rh8 Bc6 97. Rd8+ Ke6 98. Kc7 Bf3 99. Rb8 Nd5+ 100. Kd8 Ne7 101. Rb6+ Kf7 102. Rb3 Bd5 103. Rd3 Bc6 104. Rd7 Bxd7 105. Kxd7 Nd5 106. Kc6 1-0

[Event "FIDE WCCC Open-12 2024"]
[Site "Montesilvano"]
[Date "2024.11.19"]
[Round "5.7"]
[White "Bocquenet-Drouode, Hugo"]
[Black "Aansh Nandan Nerurkar"]
[Result "1/2-1/2"]
[ECO "B51"]
[WhiteElo "2002"]
[BlackElo "2247"]
[Annotator "RC"]
[PlyCount "141"]
[EventDate "2024.11.18"]
[EventType "swiss"]
[EventCountry "ITA"]
[SourceTitle "playchess.com"]
[Source "ChessBase"]
[SourceQuality "1"]
[TimeControl "5400+30"]

1. e4 c5 2. Nf3 d6 3. Bb5+ Nd7 4. Ba4 Ngf6 5. O-O g6 6. d3 Bg7 7. c4 O-O 8. h3 a6 9. Nc3 Rb8 10. Be3 Ne8 11. d4 cxd4 12. Bxd4 Nc7 13. Ba7 Ra8 14. Bd4 Bxd4 15. Nxd4 Ne5 16. Qe2 Bd7 17. Bxd7 Qxd7 18. a4 Rac8 19. b3 Ne6 20. Rad1 Nc6 21. Nxe6 Qxe6 22. f4 f5 23. Rfe1 fxe4 24. Qxe4 Qxe4 25. Rxe4 Kf7 26. g3 Rfe8 27. Re2 h6 28. h4 Na5 29. Rb2 Red8 30. Ne4 b6 31. Rd3 Nb7 32. Re2 e6 33. Red2 Ke7 34. Re3 Rd7 35. Nc3 Kf7 36. Rde2 Nd8 37. Rd2 Rc6 38. Ne2 Rc5 39. Nd4 Kf6 40. Nf3 Nc6 41. Nd4 Nxd4 42. Rxd4 d5 43. Kf2 Rdc7 44. cxd5 Rxd5 45. Rxd5 exd5 46. Rd3 Ke6 47. Ke3 Rc1 48. Kf3 h5 49. Ke3 a5 50. Kd2 Rg1 51. Kc3 Rc1+ 52. Kd2 Rb1 53. Kc2 Rg1 54. Kc3 Kd6 55. Kd4 Rf1 56. Re3 Rd1+ 57. Rd3 Rb1 58. Re3 Rg1 59. Re5 Rxg3 60. Rxd5+ Kc6 61. Rg5 Rxg5 62. fxg5 Kd6 63. Kc4 Kc6 64. b4 axb4 65. Kxb4 Kc7 66. Kc4 Kc6 67. Kb4 Kc7 68. Kb5 Kb7 69. Kc4 Kc6 70. Kd4 Kd6 71. Ke4 1/2-1/2

[Event "FIDE WCCC Open-12 2024"]
[Site "Montesilvano"]
[Date "2024.11.19"]
[Round "5.8"]
[White "Radnaev, Leo"]
[Black "Torres Rebolledo, Alvaro"]
[Result "1/2-1/2"]
[ECO "B13"]
[WhiteElo "1990"]
[BlackElo "2216"]
[Annotator "RC"]
[PlyCount "45"]
[EventDate "2024.11.18"]
[EventType "swiss"]
[EventCountry "ITA"]
[SourceTitle "playchess.com"]
[Source "ChessBase"]
[SourceQuality "1"]
[TimeControl "5400+30"]

1. e4 c6 2. d4 d5 3. exd5 cxd5 4. Bd3 Nf6 5. c3 Bg4 6. Nf3 Nc6 7. Bf4 Qb6 8. Qb3 Bxf3 9. Qxb6 axb6 10. gxf3 e6 11. Nd2 Kd7 12. Bb5 Nh5 13. Bg3 Bd6 14. Nb3 Bf4 15. a4 Kc7 16. Nc1 g5 17. Nd3 Na7 18. Bxf4+ gxf4 19. Kd2 Rhg8 20. Rhg1 Nxb5 21. axb5 f6 22. Rxa8 Rxg1 23. Re8 1/2-1/2

[Event "FIDE WCCC Open-12 2024"]
[Site "Montesilvano"]
[Date "2024.11.19"]
[Round "5.9"]
[White "Liu, Patrick"]
[Black "Qu, Haoming"]
[Result "1/2-1/2"]
[ECO "D96"]
[WhiteElo "2192"]
[BlackElo "1969"]
[Annotator "RC"]
[PlyCount "70"]
[EventDate "2024.11.18"]
[EventType "swiss"]
[EventCountry "ITA"]
[SourceTitle "playchess.com"]
[Source "ChessBase"]
[SourceQuality "1"]
[TimeControl "5400+30"]

1. d4 d5 2. Nf3 Nf6 3. c4 c6 4. Qc2 g6 5. Bf4 dxc4 6. Qxc4 Bg7 7. Nc3 b5 8. Qb3 Be6 9. Qc2 b4 10. Na4 Bf5 11. Qc4 Be6 12. Qc2 Bf5 13. Qc4 Be6 14. Qc1 Bd5 15. Ne5 O-O 16. f3 Nh5 17. Be3 f5 18. Nc5 f4 19. Bf2 Bxe5 20. dxe5 Nd7 21. e4 fxe3 22. Bxe3 Nxc5 23. Qxc5 Qc7 24. Qxb4 Qxe5 25. Qd4 Qxd4 26. Bxd4 e5 27. Be3 Rae8 28. O-O-O e4 29. fxe4 Rxe4 30. Re1 Nf4 31. b3 a5 32. Rg1 Rfe8 33. Kd2 Rd8 34. Kc2 Rde8 35. Kd2 Rd8 1/2-1/2

[Event "FIDE WCCC Open-12 2024"]
[Site "Montesilvano"]
[Date "2024.11.19"]
[Round "5.10"]
[White "Diachek, Andrii"]
[Black "Gao, Arthur"]
[Result "1-0"]
[ECO "B33"]
[WhiteElo "2162"]
[BlackElo "1979"]
[Annotator "RC"]
[PlyCount "69"]
[EventDate "2024.11.18"]
[EventType "swiss"]
[EventCountry "ITA"]
[SourceTitle "playchess.com"]
[Source "ChessBase"]
[SourceQuality "1"]
[TimeControl "5400+30"]

1. e4 c5 2. Nf3 Nc6 3. d4 cxd4 4. Nxd4 Nf6 5. Nc3 e5 6. Nf3 Bb4 7. Bc4 O-O 8. O-O Bxc3 9. bxc3 Nxe4 10. Ba3 d6 11. Re1 Bf5 12. Qd3 Ne7 13. Rxe4 Bxe4 14. Qxe4 Qc7 15. Bd3 g6 16. Qc4 Qd7 17. Qb4 Rfd8 18. Nxe5 a5 19. Qh4 Qc7 20. Qc4 Nc6 21. Ng4 Qe7 22. Qf4 h5 23. Nf6+ Kg7 24. Nd5 Qe5 25. Qxe5+ dxe5 26. Nb6 Rab8 27. c4 f5 28. f3 Re8 29. Re1 Rbd8 30. Nd5 Rd7 31. Bb2 Kf7 32. Nb6 Rde7 33. c5 Rd8 34. Bc1 Rd4 35. Be3 1-0

[Event "FIDE WCCC Open-12 2024"]
[Site "Montesilvano"]
[Date "2024.11.19"]
[Round "5.11"]
[White "Luger, Sam"]
[Black "Matejka, Simon"]
[Result "1-0"]
[ECO "A62"]
[WhiteElo "2094"]
[BlackElo "1924"]
[Annotator "NA RC"]
[PlyCount "61"]
[EventDate "2024.11.18"]
[EventType "swiss"]
[EventCountry "ITA"]
[SourceTitle "playchess.com"]
[Source "ChessBase"]
[SourceQuality "1"]
[TimeControl "5400+30"]

1. d4 Nf6 2. c4 e6 3. g3 c5 4. d5 exd5 5. cxd5 d6 6. Nc3 g6 7. Bg2 Bg7 8. Nf3 O-O 9. O-O Re8 10. Bf4 Ne4 11. Nxe4 Rxe4 12. Nd2 Rxf4 13. gxf4 Bxb2 14. Rb1 Bg7 15. Nc4 Na6 16. Qb3 Rb8 17. a4 Bh6 18. Qg3 f5 19. e4 Nb4 20. Rbd1 fxe4 21. Bxe4 Kh8 22. f5 Bxf5 23. Bxf5 gxf5 24. Nxd6 Qf6 25. Nf7+ Qxf7 26. Qxb8+ Kg7 27. Kh1 Qe7 28. Rg1+ Bg5 29. Rde1 Qd7 30. Rxg5+ Kf6 31. Rg2 1-0

[Event "FIDE WCCC Open-12 2024"]
[Site "Montesilvano"]
[Date "2024.11.19"]
[Round "5.12"]
[White "Gao, Heye"]
[Black "Ivancic, Ivan"]
[Result "1-0"]
[ECO "B33"]
[WhiteElo "1933"]
[BlackElo "2091"]
[Annotator "RC"]
[PlyCount "127"]
[EventDate "2024.11.18"]
[EventType "swiss"]
[EventCountry "ITA"]
[SourceTitle "playchess.com"]
[Source "ChessBase"]
[SourceQuality "1"]
[TimeControl "5400+30"]

1. e4 c5 2. Nf3 Nc6 3. d4 cxd4 4. Nxd4 Nf6 5. Nc3 e5 6. Nde2 Bc5 7. Ng3 d6 8. Be2 O-O 9. O-O a6 10. Bg5 h6 11. Bxf6 Qxf6 12. Nd5 Qg5 13. c3 Rb8 14. b4 Ba7 15. a4 Ne7 16. Bc4 Ng6 17. Qd3 Be6 18. Ba2 Bxd5 19. Qxd5 Nf4 20. Qd1 h5 21. Qf3 h4 22. Ne2 Ng6 23. Rad1 Rbd8 24. Rd3 Kh8 25. Qh3 f5 26. exf5 Qxf5 27. Qxf5 Rxf5 28. Bd5 Rdf8 29. Rf3 Rxf3 30. Bxf3 Rf7 31. Bd5 Rc7 32. Rd1 Ne7 33. Be6 d5 34. Kf1 d4 35. cxd4 exd4 36. Nxd4 Nc6 37. Nxc6 Rxc6 38. Bf5 g6 39. Rd8+ Kg7 40. Rd7+ Kf6 41. Rxb7 Rc1+ 42. Ke2 Bxf2 43. Bxg6 Bg1 44. Bd3 Ra1 45. a5 Ra2+ 46. Kf1 Bd4 47. Bxa6 Rf2+ 48. Ke1 Rxg2 49. Bd3 Bc3+ 50. Kf1 Rb2 51. a6 Bd4 52. b5 Rxh2 53. b6 Rf2+ 54. Ke1 Ra2 55. Rb8 h3 56. a7 h2 57. Be4 Ra1+ 58. Ke2 Ra2+ 59. Kd3 Ra3+ 60. Kxd4 Ra4+ 61. Kd3 Rxe4 62. Rh8 Ra4 63. Rxh2 Ra3+ 64. Ke4 1-0

[Event "FIDE WCCC Open-12 2024"]
[Site "Montesilvano"]
[Date "2024.11.19"]
[Round "5.13"]
[White "Zhandos, Akarys"]
[Black "Birmenko, Nikolay"]
[Result "0-1"]
[ECO "C25"]
[WhiteElo "1932"]
[BlackElo "2084"]
[Annotator "RC"]
[PlyCount "92"]
[EventDate "2024.11.18"]
[EventType "swiss"]
[EventCountry "ITA"]
[SourceTitle "playchess.com"]
[Source "ChessBase"]
[SourceQuality "1"]
[TimeControl "5400+30"]

1. e4 e5 2. Nc3 Nc6 3. g3 h5 4. h4 Bc5 5. Bg2 a6 6. Nge2 d6 7. d3 Bg4 8. Be3 Bxe3 9. fxe3 Nge7 10. Qd2 Qd7 11. O-O-O O-O 12. Rdf1 b5 13. Nd1 a5 14. Bf3 a4 15. Bxg4 Qxg4 16. Nf2 Qe6 17. Kb1 b4 18. g4 hxg4 19. Rhg1 f5 20. exf5 Rxf5 21. Ng3 Rff8 22. Nge4 a3 23. b3 Nd5 24. Qe2 Na7 25. Nxg4 Nb5 26. Qg2 Rxf1+ 27. Rxf1 Nbc3+ 28. Ka1 Rf8 29. Rg1 Nxe4 30. Qxe4 Kh8 31. h5 Qf7 32. Nh2 Qf2 33. Qg6 Qf6 34. Qe4 Qf2 35. Qg6 Qf6 36. Qe4 Nc3 37. Qg2 e4 38. d4 c5 39. h6 gxh6 40. Rh1 Qg5 41. Qd2 cxd4 42. Qxd4+ Qg7 43. Qxb4 Nb5+ 44. c3 Qg2 45. Rb1 Rf2 46. Qxa3 Nxa3 0-1

[Event "FIDE WCCC Open-12 2024"]
[Site "Montesilvano"]
[Date "2024.11.19"]
[Round "5.14"]
[White "Petroff, Vlad"]
[Black "Sobirov, Afruzbek"]
[Result "1-0"]
[ECO "D37"]
[WhiteElo "2079"]
[BlackElo "1928"]
[Annotator "RC"]
[PlyCount "68"]
[EventDate "2024.11.18"]
[EventType "swiss"]
[EventCountry "ITA"]
[SourceTitle "playchess.com"]
[Source "ChessBase"]
[SourceQuality "1"]
[TimeControl "5400+30"]

1. d4 Nf6 2. Nf3 e6 3. c4 d5 4. Nc3 a6 5. cxd5 exd5 6. Bg5 c6 7. e3 h6 8. Bf4 Be7 9. h3 Be6 10. Bd3 Nbd7 11. O-O O-O 12. Rb1 c5 13. dxc5 Nxc5 14. Nd4 Nxd3 15. Qxd3 Qd7 16. Rfd1 b5 17. b4 Rac8 18. a3 Rc4 19. Rbc1 Rfc8 20. Nb3 Bf5 21. Qd2 Kh7 22. Qb2 g5 23. Bg3 h5 24. Na5 d4 25. Nxc4 dxc3 26. Qe2 Qe6 27. Nd6 Bxd6 28. Rxd6 Qe7 29. Qf3 Kg6 30. Qd1 h4 31. Bh2 c2 32. Qd4 Rc4 33. Qd2 Be4 34. Be5 Rc6 1-0

[Event "FIDE WCCC Open-12 2024"]
[Site "Montesilvano"]
[Date "2024.11.19"]
[Round "5.15"]
[White "Karthi, Jashith"]
[Black "Mamikonyan, Artem T"]
[Result "0-1"]
[ECO "D35"]
[WhiteElo "2073"]
[BlackElo "1918"]
[Annotator "NA RC"]
[PlyCount "86"]
[EventDate "2024.11.18"]
[EventType "swiss"]
[EventCountry "ITA"]
[SourceTitle "playchess.com"]
[Source "ChessBase"]
[SourceQuality "1"]
[TimeControl "5400+30"]

1. d4 d5 2. c4 e6 3. Nc3 Nf6 4. Nf3 Nbd7 5. cxd5 exd5 6. Bg5 h6 7. Bh4 c6 8. e3 g5 9. Bg3 Nh5 10. Qc2 Nxg3 11. hxg3 Bg7 12. Bd3 Nb6 13. O-O Be6 14. Rfe1 Qd6 15. e4 O-O-O 16. Nb5 Qd7 17. e5 Bf8 18. a4 a5 19. Nd2 Kb8 20. Nd6 Bxd6 21. exd6 Qxd6 22. Qc3 Qb4 23. Nb3 Nc4 24. Bxc4 dxc4 25. Nc5 Rhe8 26. Nxe6 Rxe6 27. Rxe6 Qxc3 28. bxc3 fxe6 29. Re1 b5 30. Rb1 Rd5 31. g4 e5 32. axb5 cxb5 33. dxe5 Rxe5 34. g3 Kc7 35. f4 Rd5 36. Kf2 Kb6 37. Rh1 b4 38. Rxh6+ Kb5 39. cxb4 axb4 40. Rh8 c3 41. f5 c2 42. Rc8 Rc5 43. Rb8+ Kc4 0-1

[Event "FIDE WCCC Open-12 2024"]
[Site "Montesilvano"]
[Date "2024.11.19"]
[Round "5.16"]
[White "Kleschevnikov, Arseny"]
[Black "Baturin-Vinogradov, Miroslav"]
[Result "1/2-1/2"]
[ECO "D19"]
[WhiteElo "1893"]
[BlackElo "2048"]
[Annotator "RC"]
[PlyCount "88"]
[EventDate "2024.11.18"]
[EventType "swiss"]
[EventCountry "ITA"]
[SourceTitle "playchess.com"]
[Source "ChessBase"]
[SourceQuality "1"]
[TimeControl "5400+30"]

1. d4 d5 2. c4 c6 3. Nf3 Nf6 4. Nc3 dxc4 5. a4 Bf5 6. e3 e6 7. Bxc4 Bb4 8. O-O Nbd7 9. Qe2 O-O 10. e4 Bg4 11. Rd1 Rc8 12. h3 Bxf3 13. Qxf3 e5 14. Qf5 g6 15. Qf3 exd4 16. Ne2 Ne5 17. Qb3 Qb6 18. Ng3 c5 19. Bg5 Nxc4 20. Qxc4 Rfe8 21. f3 Kg7 22. Ne2 Nd7 23. Nf4 Qc6 24. Bh4 a5 25. Qc1 Nb6 26. Nd3 f6 27. Qc2 Qe6 28. Rac1 g5 29. Bg3 Nd7 30. Nf2 h6 31. Nd3 Nf8 32. Nf2 Ng6 33. Nd3 Red8 34. Bf2 Ne5 35. Nxe5 fxe5 36. Qc4 Qxc4 37. Rxc4 b5 38. axb5 Rb8 39. Kf1 d3 40. Bxc5 Rdc8 41. Bxb4 Rxc4 42. Bxa5 Rxb5 43. Bc3 Kf6 44. Rxd3 Ke7 1/2-1/2

[Event "FIDE WCCC Open-12 2024"]
[Site "Montesilvano"]
[Date "2024.11.19"]
[Round "5.17"]
[White "Vinales Gonzalez, Enzo Mathias"]
[Black "Tatvidze, Davit"]
[Result "0-1"]
[ECO "B33"]
[WhiteElo "1903"]
[BlackElo "2024"]
[Annotator "RC"]
[PlyCount "100"]
[EventDate "2024.11.18"]
[EventType "swiss"]
[EventCountry "ITA"]
[SourceTitle "playchess.com"]
[Source "ChessBase"]
[SourceQuality "1"]
[TimeControl "5400+30"]

1. e4 c5 2. Nf3 Nc6 3. d4 cxd4 4. Nxd4 Nf6 5. Nc3 e5 6. Ndb5 d6 7. Nd5 Nxd5 8. exd5 Nb8 9. c4 Be7 10. Be3 a6 11. Nc3 O-O 12. Be2 f5 13. f3 Bh4+ 14. Kf1 Nd7 15. Qd2 b6 16. g3 Bf6 17. Kg2 a5 18. b3 Nc5 19. Qc2 Qd7 20. Bxc5 bxc5 21. Rae1 e4 22. Rhf1 f4 23. g4 e3 24. Ne4 Qe7 25. a3 Be5 26. h3 Qh4 27. Bd3 g6 28. Rg1 h5 29. Ref1 Kf7 30. Qe2 Rg8 31. Qe1 Qe7 32. Kh2 hxg4 33. hxg4 Bf5 34. Kg2 Bd4 35. Rh1 Bxe4 36. fxe4 Be5 37. Qxe3 Kg7 38. Qf3 Rh8 39. Bc2 Rab8 40. a4 Qf6 41. Bd1 Rxh1 42. Rxh1 Rh8 43. Rxh8 Kxh8 44. Be2 Kg7 45. Bd1 Bd4 46. Kh3 g5 47. Kg2 Be3 48. Kf1 Qd4 49. Kg2 Kf6 50. Kf1 Ke5 0-1

[Event "FIDE WCCC Open-12 2024"]
[Site "Montesilvano"]
[Date "2024.11.19"]
[Round "5.18"]
[White "Stepanyan, Davit"]
[Black "Le, Anh Tu"]
[Result "0-1"]
[ECO "E91"]
[WhiteElo "2011"]
[BlackElo "1812"]
[Annotator "RC"]
[PlyCount "102"]
[EventDate "2024.11.18"]
[EventType "swiss"]
[EventCountry "ITA"]
[SourceTitle "playchess.com"]
[Source "ChessBase"]
[SourceQuality "1"]
[TimeControl "5400+30"]

1. d4 Nf6 2. c4 c5 3. d5 d6 4. Nc3 g6 5. e4 Bg7 6. Nf3 O-O 7. Be2 e6 8. h3 exd5 9. exd5 Re8 10. O-O Na6 11. Bd3 Nc7 12. a4 Rb8 13. Bf4 a6 14. a5 b5 15. axb6 Rxb6 16. Qc2 Bd7 17. Rfb1 Qb8 18. Na4 Bxa4 19. Rxa4 Nd7 20. b3 Ne5 21. Nxe5 Bxe5 22. Be3 Qd8 23. b4 Qd7 24. Qa2 Reb8 25. Bd2 Bd4 26. Bc2 Qe7 27. Bd3 Qf6 28. Rf1 cxb4 29. Qb3 Ne8 30. Bb1 Ng7 31. Ra2 Bc5 32. Ra5 Nf5 33. Qf3 Kg7 34. g4 Qd4 35. Rd1 Nh4 36. Qg3 Qf6 37. g5 Qf3 38. Qxf3 Nxf3+ 39. Kg2 Nxd2 40. Rxd2 b3 41. Rd3 Rb4 42. Rc3 Bd4 43. Rc1 b2 44. Rc2 Rc8 45. Rxa6 Rbxc4 46. Rxc4 Rxc4 47. Rxd6 Rc1 48. Be4 b1=Q 49. Bxb1 Rxb1 50. Kf3 Rb2 51. Ke4 Bxf2 0-1

[Event "FIDE WCCC Open-12 2024"]
[Site "Montesilvano"]
[Date "2024.11.19"]
[Round "5.19"]
[White "Rueda Ahumada, Gabriel Omar"]
[Black "Ritzerveld, Noah"]
[Result "1/2-1/2"]
[ECO "D17"]
[WhiteElo "1928"]
[BlackElo "2285"]
[Annotator "RC"]
[PlyCount "104"]
[EventDate "2024.11.18"]
[EventType "swiss"]
[EventCountry "ITA"]
[SourceTitle "playchess.com"]
[Source "ChessBase"]
[SourceQuality "1"]
[TimeControl "5400+30"]

1. d4 d5 2. c4 c6 3. Nc3 Nf6 4. Nf3 dxc4 5. a4 Bf5 6. Ne5 Nbd7 7. Nxc4 Nb6 8. Ne5 a5 9. f3 Nfd7 10. e4 Nxe5 11. dxe5 Qxd1+ 12. Kxd1 Be6 13. Kc2 Nd7 14. f4 g6 15. Be3 f6 16. exf6 exf6 17. Rd1 Bb4 18. Be2 Nc5 19. Bxc5 Bxc5 20. Rhe1 Rd8 21. Bf3 Rxd1 22. Rxd1 h5 23. Ne2 Ke7 24. Nd4 Bf7 25. Nb3 Bb4 26. Nc1 b5 27. b3 bxa4 28. bxa4 Rb8 29. Nd3 Ba3 30. Rb1 Rxb1 31. Kxb1 Bb3 32. f5 g5 33. Bxh5 Bxa4 34. Bf3 Bb5 35. Kc2 Bd6 36. g3 a4 37. Nc1 a3 38. Kb3 Bc5 39. Be2 Bxe2 40. Nxe2 Kd6 41. Nc1 Bg1 42. Nd3 Bxh2 43. g4 c5 44. Kxa3 c4 45. Ne1 Be5 46. Kb4 c3 47. Nd3 c2 48. Kb3 c1=Q 49. Nxc1 Kc5 50. Ne2 Ba1 51. Ka2 Be5 52. Kb3 Ba1 1/2-1/2